[Event "Titled Tuesday Blitz December 06 Late 2022"]
[White "Korkmaz, Necmettin"]
[Black "Gutkin, Ilya"]
[WhiteFideId "6303285"]
[BlackFideId "16203470"]
[WhiteElo "2094"]
[BlackElo "2265"]
[Result "0-1"]
[Round "06"]
[TimeControl "180+1"]
[Date "2022.12.07"]
[WhiteClock "0:00:26"]
[BlackClock "0:00:17"]

1. e4 e6 2. d3 d5 3. Nd2 Nf6 4. Ngf3 b6 5. e5 Nfd7 6. d4 c5 7. c3 Be7 8. Bd3 Ba6 9. Qe2 Qc8 10. c4 dxc4 11. Nxc4 O-O 12. O-O Nc6 13. dxc5 Nxc5 14. Bf4 Nxd3 15. Qxd3 Nb4 16. Qd2 Qxc4 17. Rac1 Qd3 18. Rfd1 Qxd2 19. Rxd2 Rfd8 20. Rcd1 Rxd2 21. Rxd2 Nd5 22. Bg5 Bxg5 23. Nxg5 Rc8 24. h3 Rc4 25. f3 h6 26. Ne4 Rc1+ 27. Kh2 g5 28. Kg3 Kg7 29. h4 Kg6 30. hxg5 hxg5 31. a3 Rf1 32. b4 Bc4 33. Nd6 Bb3 34. Nb5 a5 35. bxa5 bxa5 36. Nd4 a4 37. Nc6 Rc1 38. Nd4 Ra1 39. Nb5 Bc4 40. Nd6 Ba6 41. Rb2 Rxa3 42. Rb8 Ne7 43. Re8 Nf5+ 44. Nxf5 Kxf5 45. Re7 Kxe5 46. Rxf7 Bc4 47. Rc7 Bd5 48. Ra7 Ra1 49. Kg4 Kf6 50. g3 a3 51. f4 gxf4 52. gxf4 a2 53. f5 Rg1+ 54. Kf4 a1=Q 55. Rxa1 Rxa1 56. fxe6 Ra4+ 57. Ke3 Kxe6 58. Kd3 Ke5 59. Kc3 Ra3+ 60. Kb4 Rb3+ 61. Kc5 Rc3+ 62. Kb5 Kd6 63. Kb4 Rb3+ 64. Ka5 Kc6 65. Ka4 Kc5 66. Ka5 Ra3# 0-1


[Site "https://www.chess.com"]

[Event "Titled Tuesday Blitz December 06 Late 2022"]
[White "Kovacevic, Radmila"]
[Black "Lopez Gracia, Fernando"]
[WhiteFideId "933171"]
[BlackFideId "2207184"]
[WhiteElo "2244"]
[BlackElo "2431"]
[Result "1-0"]
[Round "06"]
[TimeControl "180+1"]
[Date "2022.12.07"]
[WhiteClock "0:00:15"]
[BlackClock "0:01:12"]

1. e4 e5 2. d4 exd4 3. c3 d5 4. exd5 Qxd5 5. cxd4 Nf6 6. Nf3 c6 7. Nc3 Qd6 8. Bc4 Be7 9. Qb3 O-O 10. O-O Nbd7 11. Ng5 Ng4 12. Bxf7+ Kh8 13. g3 Qh6 14. h4 Qd6 15. Bf4 Qb4 16. Be6 Ndf6 17. Nf7+ Rxf7 18. Qxb4 Bxe6 19. Qxb7 Raf8 20. Qxc6 Bd7 21. Qg2 Nh5 22. Bg5 Bd6 23. Ne4 Bc6 24. Nxd6 Bxg2 25. Nxf7+ Rxf7 26. Kxg2 h6 27. Rae1 hxg5 28. hxg5 g6 29. f3 Ngf6 30. gxf6 Rxf6 31. Re8+ Kg7 32. Re7+ Kh6 33. Rh1 Kg5 34. Re5+ Kh6 35. g4 Rc6 36. gxh5 Rc2+ 37. Kg3 gxh5 38. Rhxh5+ Kg6 39. Rhg5+ Kf6 40. Rgf5+ Kg6 41. Kf4 Rxb2 42. Re6+ Kg7 43. Rc5 Rxa2 44. Rc7+ Kf8 45. Rh6 Kg8 46. Rd6 1-0


[Site "https://www.chess.com"]

[Event "Titled Tuesday Blitz December 06 Late 2022"]
[White "Lewicki, Miroslaw"]
[Black "Kaganskiy, Gleb"]
[WhiteFideId "1113380"]
[BlackFideId "4132025"]
[WhiteElo "2191"]
[BlackElo "2165"]
[Result "1-0"]
[Round "06"]
[TimeControl "180+1"]
[Date "2022.12.07"]
[WhiteClock "0:01:18"]
[BlackClock "0:00:31"]

1. g3 d5 2. Bg2 Nf6 3. Nf3 e6 4. O-O Be7 5. b3 O-O 6. Bb2 c5 7. d4 Nc6 8. Nbd2 b6 9. dxc5 Bxc5 10. c4 Bb7 11. cxd5 Nxd5 12. Ne4 Be7 13. Rc1 Rc8 14. Qd3 Ndb4 15. Qe3 Nd5 16. Qd3 Ndb4 17. Qc3 f6 18. Rfd1 Nxa2 19. Rxd8 Rfxd8 20. Qc4 Nxc1 21. Bh3 Nd4 22. Bxe6+ Nxe6 23. Qxe6+ Kf8 24. Neg5 Rd1+ 25. Kg2 Bxf3+ 26. exf3 fxg5 27. Qxc8+ Kf7 28. Bxc1 1-0


[Site "https://www.chess.com"]

[Event "Titled Tuesday Blitz December 06 Late 2022"]
[White "Liu, Kelsey"]
[Black "Haszon, David"]
[WhiteFideId "30944481"]
[BlackFideId "733610"]
[WhiteElo "2274"]
[BlackElo "2210"]
[Result "0-1"]
[Round "06"]
[TimeControl "180+1"]
[Date "2022.12.07"]
[WhiteClock "0:00:01"]
[BlackClock "0:01:22"]

1. e4 e6 2. d4 d5 3. Nc3 dxe4 4. Nxe4 Nd7 5. g3 Ngf6 6. Nxf6+ Nxf6 7. Bg2 c5 8. Nf3 cxd4 9. Qxd4 Qxd4 10. Nxd4 a6 11. Bd2 Bc5 12. Nb3 Ba7 13. O-O Ke7 14. Na5 Rd8 15. Bb4+ Ke8 16. Nxb7 Bxb7 17. Bxb7 Rab8 18. Bc6+ Nd7 19. Bc3 Rdc8 20. Ba4 f6 21. Rad1 Rb7 22. Rd6 Ke7 23. Rfd1 Nc5 24. Bc6 Rbc7 25. Bf3 Na4 26. Ba5 Rc5 27. Bb4 R5c7 28. Rd7+ Ke8 29. Bc6 Rxc6 30. Re7+ Kf8 31. Rxa7+ Kg8 32. Rdd7 Nc5 33. Rxg7+ Kf8 34. Raf7+ Ke8 35. Re7+ Kf8 36. Ref7+ Ke8 37. Ra7 Kf8 38. Rxh7 Kg8 39. Rag7+ Kf8 40. Rf7+ Kg8 41. Rfg7+ Kf8 42. Ra7 Kg8 43. Bc3 e5 44. Rag7+ Kf8 45. Rg6 Ne4 46. Rh8+ Kf7 47. Rxc8 Rxc8 48. Rh6 Nxc3 49. bxc3 Rxc3 50. Rh7+ Kg6 51. Ra7 Rxc2 52. Rxa6 e4 53. Ra4 Kf5 54. Ra5+ Kg4 55. Ra4 f5 56. Kg2 Kg5 57. h3 e3 0-1


[Site "https://www.chess.com"]

[Event "Titled Tuesday Blitz December 06 Late 2022"]
[White "Makridis, Dimitrios"]
[Black "Korobov, Anton"]
[WhiteFideId "25864475"]
[BlackFideId "14105730"]
[WhiteElo "2272"]
[BlackElo "2635"]
[Result "0-1"]
[Round "06"]
[TimeControl "180+1"]
[Date "2022.12.06"]
[WhiteClock "0:00:03"]
[BlackClock "0:00:32"]

1. b3 d5 2. Bb2 c5 3. e3 Nc6 4. Nf3 e6 5. d4 Nf6 6. Bd3 Bd6 7. O-O O-O 8. Ne5 cxd4 9. exd4 Ne7 10. Nd2 b6 11. Re1 Bb7 12. Nf1 Rc8 13. Ng3 Ng6 14. Nh5 Ne4 15. Nxg6 hxg6 16. Ng3 f5 17. a4 Rf6 18. c4 g5 19. Rc1 Rh6 20. cxd5 exd5 21. Qf3 g6 22. Rxc8 Bxc8 23. h3 Qe7 24. Bc1 Rh4 25. Qe2 Qf6 26. Qc2 Bd7 27. Bb5 Bxb5 28. axb5 Nxg3 29. fxg3 Bxg3 30. Qc8+ Kg7 31. Qd7+ Kh6 32. Rd1 Rxd4 33. Rf1 Re4 34. Qxd5 Qd4+ 35. Qxd4 Rxd4 36. Be3 Rb4 37. Rf3 f4 38. Bd2 Rxb5 39. Kf1 Kh5 40. Rd3 g4 41. hxg4+ Kxg4 42. Rd6 g5 43. Rd7 a5 44. Ke2 Rxb3 45. Kd1 a4 46. Rd5 b5 47. Kc2 Bf2 48. Rd7 Be3 49. Be1 Ra3 50. Rd5 Ra2+ 51. Kd3 Rxg2 52. Rxb5 a3 53. Bc3 a2 54. Bf6 Kf3 55. Ra5 g4 56. Be5 Rd2+ 57. Kc4 g3 0-1


[Site "https://www.chess.com"]

[Event "Titled Tuesday Blitz December 06 Late 2022"]
[White "Martin Carmona, Gaston Manuel"]
[Black "Slovineanu"]
[WhiteFideId "22284567"]
[WhiteElo "2235"]
[BlackElo "2284"]
[Result "1-0"]
[Round "06"]
[TimeControl "180+1"]
[Date "2022.12.07"]
[WhiteClock "0:00:59"]
[BlackClock "0:00:17"]

1. e4 c6 2. Nf3 d5 3. d3 Qc7 4. g3 e5 5. Bg2 Nf6 6. O-O Bd6 7. Nc3 d4 8. Ne2 O-O 9. Nd2 Nbd7 10. f4 Ng4 11. Nc4 b5 12. Nxd6 Qxd6 13. h3 Ne3 14. Bxe3 dxe3 15. Qc1 exf4 16. gxf4 Qc5 17. d4 Qc4 18. Qxe3 Qxc2 19. b3 Nf6 20. Rac1 Qxa2 21. Rxc6 Be6 22. d5 Bxd5 23. Nc1 Qxg2+ 24. Kxg2 Bxe4+ 25. Kh2 Bxc6 26. Rg1 a5 27. Qc3 Be4 28. Qxf6 g6 29. f5 a4 30. bxa4 bxa4 31. fxg6 hxg6 32. Rg4 1-0


[Site "https://www.chess.com"]

[Event "Titled Tuesday Blitz December 06 Late 2022"]
[White "Mazurkiewicz, Michal"]
[Black "Aghasiyev, Kamal"]
[WhiteFideId "1124943"]
[BlackFideId "13402854"]
[WhiteElo "2081"]
[BlackElo "2341"]
[Result "0-1"]
[Round "06"]
[TimeControl "180+1"]
[Date "2022.12.07"]
[WhiteClock "0:00:35"]
[BlackClock "0:01:03"]

1. e4 e5 2. Nf3 Nc6 3. d3 Nf6 4. g3 d5 5. exd5 Nxd5 6. Bg2 Bc5 7. O-O O-O 8. Nxe5 Nxe5 9. d4 Bg4 10. f3 Nb4 11. dxc5 Qxd1 12. Rxd1 Nxf3+ 13. Kf2 Ne5 14. Re1 Rfe8 15. Na3 Ned3+ 16. cxd3 Nxd3+ 17. Kg1 Rxe1+ 18. Bf1 Bh3 19. Bd2 Rxa1 0-1


[Site "https://www.chess.com"]

[Event "Titled Tuesday Blitz December 06 Late 2022"]
[White "Melkumyan, Hrant"]
[Black "Van Foreest, Lucas"]
[WhiteFideId "13302485"]
[BlackFideId "1039792"]
[WhiteElo "2604"]
[BlackElo "2509"]
[Result "1-0"]
[Round "06"]
[TimeControl "180+1"]
[Date "2022.12.06"]
[WhiteClock "0:00:37"]
[BlackClock "0:00:16"]

1. d4 g5 2. e4 Bg7 3. Nc3 h6 4. Be3 d6 5. Qd2 Nc6 6. O-O-O Nf6 7. f3 a6 8. h4 g4 9. Nge2 Bd7 10. Kb1 e5 11. d5 Ne7 12. h5 b5 13. Nc1 Nc8 14. Nd3 a5 15. Nc1 b4 16. Nb5 Nb6 17. Bxb6 cxb6 18. Nxd6+ Ke7 19. Nc4 Ne8 20. d6+ Kf8 21. Ne3 gxf3 22. gxf3 Bf6 23. Bc4 Rc8 24. Qe2 Bg5 25. Bb5 Bxb5 26. Qxb5 Bxe3 27. d7 Ra8 28. dxe8=Q+ Qxe8 29. Qd3 Bg5 30. Qd6+ Kg7 31. Nd3 f6 32. Rhg1 Qd8 33. Qe6 Re8 34. Qf5 Qe7 35. Nf4 exf4 36. Rd7 Rad8 37. Rxe7+ Rxe7 38. a3 Re5 39. Qg6+ Kf8 40. Rxg5 Rxg5 41. Qxf6+ Ke8 42. Qe6+ Kf8 43. Qxh6+ Rg7 44. Qf6+ 1-0


[Site "https://www.chess.com"]

[Event "Titled Tuesday Blitz December 06 Late 2022"]
[White "Mendez Fortes, Eduardo Jesus"]
[Black "Rorrer, Grayson"]
[WhiteFideId "3502376"]
[BlackFideId "30944996"]
[WhiteElo "2574"]
[BlackElo "2707"]
[Result "1-0"]
[Round "06"]
[TimeControl "180+1"]
[Date "2022.12.07"]
[WhiteClock "0:00:21"]
[BlackClock "0:00:04"]

1. e4 c5 2. Nf3 d6 3. d4 cxd4 4. Nxd4 Nf6 5. Nc3 a6 6. Bg5 Nbd7 7. Qe2 h6 8. Bh4 g6 9. f4 e5 10. Nf3 Qc7 11. fxe5 dxe5 12. O-O-O b5 13. Qd2 Bb7 14. Bd3 Bg7 15. Rhe1 O-O 16. Kb1 Rfe8 17. a3 Rab8 18. g4 Bc6 19. g5 hxg5 20. Bxg5 a5 21. Na2 Nc5 22. Bxf6 Bxf6 23. Qc3 Qb6 24. Rf1 b4 25. axb4 axb4 26. Qc4 b3 27. cxb3 Nxb3 28. Ng5 Bxg5 29. Qxf7+ Kh8 30. Qxg6 Bxe4 31. Qxe4 Qh6 32. Rf7 Kg8 33. Bc4 Kh8 34. Bd3 Kg8 35. Qc4 Kh8 36. Rh7+ Qxh7 37. Bxh7 Kxh7 38. Qf7+ Kh6 39. Rd6+ Bf6 40. Rxf6+ 1-0


[Site "https://www.chess.com"]

[Event "Titled Tuesday Blitz December 06 Late 2022"]
[White "Meunier, Clement"]
[Black "Burke, Paul"]
[WhiteFideId "20667930"]
[BlackFideId "2605767"]
[WhiteElo "2233"]
[BlackElo "1890"]
[Result "1-0"]
[Round "06"]
[TimeControl "180+1"]
[Date "2022.12.07"]
[WhiteClock "0:01:07"]
[BlackClock "0:01:28"]

1. e4 e5 2. Nf3 Nc6 3. Bc4 Be7 4. O-O Nf6 5. Re1 Nxe4 6. d3 Nf6 7. Nxe5 O-O 8. Nxc6 dxc6 9. h3 h6 10. Nc3 Bd6 11. Qf3 Bd7 12. Bf4 Re8 13. a4 Be6 14. Bxe6 Rxe6 15. Rxe6 fxe6 16. Re1 Qd7 17. Bxh6 1-0


[Site "https://www.chess.com"]

[Event "Titled Tuesday Blitz December 06 Late 2022"]
[White "Mladek, Richard"]
[Black "Storey, Charles H"]
[WhiteFideId "386588"]
[BlackFideId "406686"]
[WhiteElo "2271"]
[BlackElo "2251"]
[Result "1-0"]
[Round "06"]
[TimeControl "180+1"]
[Date "2022.12.07"]
[WhiteClock "0:00:38"]
[BlackClock "0:00:04"]

1. d4 g6 2. h4 Bg7 3. h5 c5 4. Nf3 cxd4 5. h6 Bf6 6. Nxd4 Nc6 7. c3 Qb6 8. Nb3 d6 9. e4 Qc7 10. Na3 Bd7 11. Be3 Ne5 12. f3 a6 13. Qd2 b5 14. Be2 Be6 15. Nd4 Bc4 16. Nac2 Bxe2 17. Qxe2 Nc4 18. Nb4 e6 19. O-O-O Ne7 20. Kb1 O-O 21. f4 Rfb8 22. f5 a5 23. Nd3 exf5 24. exf5 Bxd4 25. Bxd4 Nxf5 26. Nf4 Re8 27. Qf3 Ne5 28. Qe2 b4 29. Nd5 Qb7 30. Nf6+ Kh8 31. Nxe8 Rxe8 32. Rhe1 bxc3 33. Bxc3 f6 34. g4 Nxh6 35. g5 Nhf7 36. gxf6 a4 37. a3 h5 38. Rh1 Kh7 39. Rxh5+ gxh5 40. Qxh5+ Nh6 41. Rh1 Nf7 42. Qf5+ Kh8 43. Rxh6+ Nxh6 44. f7+ 1-0


[Site "https://www.chess.com"]

[Event "Titled Tuesday Blitz December 06 Late 2022"]
[White "Nasuta, Grzegorz"]
[Black "Rosenthal, Nicholas"]
[WhiteFideId "1141686"]
[BlackFideId "2045150"]
[WhiteElo "2441"]
[BlackElo "2182"]
[Result "0-1"]
[Round "06"]
[TimeControl "180+1"]
[Date "2022.12.06"]
[WhiteClock "0:00:10"]
[BlackClock "0:01:50"]

1. e4 e6 2. d4 d5 3. Nc3 Nf6 4. Bg5 Be7 5. e5 Nfd7 6. h4 Bxg5 7. hxg5 Qxg5 8. Nh3 Qe7 9. Qg4 g6 10. Ng5 h5 11. Qf4 Nc6 12. O-O-O Nb6 13. Rh4 Bd7 14. g4 O-O-O 15. gxh5 gxh5 16. Be2 Rdf8 17. Qf6 Qxf6 18. exf6 Rh6 19. Rxh5 Rg6 20. Bd3 Rgg8 21. Ne2 e5 22. Bh7 Bg4 23. Rh4 Bxe2 24. Bxg8 Rxg8 25. Re1 Rxg5 26. Rxe2 Nxd4 27. Re1 Kd7 28. Rh8 Rf5 29. Rb8 Nc6 30. Rf8 Rxf6 31. Re2 e4 32. c3 Ne5 33. Rh8 Nd3+ 34. Kc2 Nxf2 35. Rh5 Ke6 36. Rh2 Ng4 37. Rh4 Ne5 38. b3 c5 39. Rh1 Rf4 40. Rh6+ f6 41. Rh1 d4 0-1


[Site "https://www.chess.com"]

[Event "Titled Tuesday Blitz December 06 Late 2022"]
[White "Nepo"]
[Black "Torres Dominguez, David"]
[BlackFideId "2220857"]
[WhiteElo "2213"]
[BlackElo "2037"]
[Result "0-1"]
[Round "06"]
[TimeControl "180+1"]
[Date "2022.12.07"]
[WhiteClock "0:01:05"]
[BlackClock "0:00:13"]

1. e4 Nc6 2. Nf3 e5 3. Bb5 Nge7 4. O-O g6 5. d4 exd4 6. Nxd4 Bg7 7. c3 Nxd4 8. cxd4 c6 9. Ba4 d5 10. e5 O-O 11. Nc3 f6 12. f4 fxe5 13. fxe5 Rxf1+ 14. Qxf1 Qb6 15. Qf2 Nf5 16. Be3 Bxe5 17. Rd1 Bg7 18. Bb3 Nxe3 19. Qxe3 Bg4 20. Rd2 Rf8 21. h3 Bc8 22. Na4 Qb4 23. a3 Qd6 24. Nc5 Qf4 25. Qxf4 Rxf4 26. Nd3 Rxd4 27. Bc2 Bf5 28. g4 Bxd3 29. Bxd3 c5 30. Rd1 c4 31. Be2 Rxd1+ 32. Bxd1 Bxb2 33. Bf3 c3 34. Bxd5+ Kg7 35. Bb3 g5 36. a4 Kf6 37. Kf2 Ke5 38. Ke3 b6 39. Bc2 h6 40. Bf5 Kd5 41. Kd3 Kc5 42. Kc2 Kb4 43. Bd7 a6 44. Be8 b5 45. axb5 axb5 46. Bd7 Kc4 47. Be6+ Kd4 48. Kb3 b4 49. Bf5 Ba3 50. Kc2 Ke3 51. Bd3 Kf3 52. Kb3 Kg2 53. Bf5 Kxh3 54. Kc2 Kh4 55. Kd3 h5 56. gxh5 Kxh5 57. Ke2 Kh4 58. Bc2 g4 59. Kf2 g3+ 60. Kg2 Bc1 61. Bb3 Be3 62. Kf3 Bf2 63. Bc2 Kh3 64. Ke2 g2 65. Kxf2 Kh2 0-1


[Site "https://www.chess.com"]

[Event "Titled Tuesday Blitz December 06 Late 2022"]
[White "O`Gorman, Tom"]
[Black "Harshavardhan G B"]
[WhiteFideId "2508249"]
[BlackFideId "25059009"]
[WhiteElo "2271"]
[BlackElo "2323"]
[Result "0-1"]
[Round "06"]
[TimeControl "180+1"]
[Date "2022.12.06"]
[WhiteClock "0:00:12"]
[BlackClock "0:00:55"]

1. e4 e5 2. Nf3 Nc6 3. Bb5 a6 4. Ba4 d6 5. O-O Bg4 6. d3 b5 7. Bb3 Nd4 8. Nbd2 Qf6 9. h3 Nxb3 10. axb3 h5 11. Qe1 Ne7 12. Nh2 Bd7 13. Nb1 Ng6 14. Nc3 c6 15. Nf3 Nf4 16. Bxf4 Qxf4 17. Qe3 Qxe3 18. fxe3 Be7 19. Ra2 Bc8 20. d4 f6 21. Rfa1 Bb7 22. d5 Rc8 23. Rxa6 Bxa6 24. Rxa6 b4 25. Na4 cxd5 26. exd5 Rxc2 27. Ra8+ Bd8 28. Nh4 O-O 29. Nf5 Rd2 30. e4 g6 31. Nxd6 f5 32. exf5 Rxd5 33. Nc4 gxf5 34. Rb8 e4 35. Rxb4 f4 36. Nc3 Rd4 37. Rb7 f3 38. gxf3 exf3 39. Kf1 Bh4 40. Ne5 Rd2 41. Ng6 Rf2+ 42. Kg1 Rg2+ 43. Kf1 Rxg6 0-1


[Site "https://www.chess.com"]

[Event "Titled Tuesday Blitz December 06 Late 2022"]
[White "Osmonbekov, Talaibek"]
[Black "Petrovic, Aleksa"]
[WhiteFideId "2017253"]
[BlackFideId "967629"]
[WhiteElo "2135"]
[BlackElo "2230"]
[Result "0-1"]
[Round "06"]
[TimeControl "180+1"]
[Date "2022.12.07"]
[WhiteClock "0:00:02"]
[BlackClock "0:01:06"]

1. d4 Nf6 2. Bf4 e6 3. Nc3 c5 4. e3 b6 5. Nb5 Nd5 6. Bd6 a6 7. Bxf8 Kxf8 8. Nd6 cxd4 9. exd4 Qc7 10. Nxc8 Qxc8 11. Nf3 Nc6 12. c4 Nf6 13. Bd3 d5 14. Rc1 Nb4 15. Bb1 dxc4 16. Qa4 Nbd5 17. Rxc4 Qb7 18. O-O g6 19. Ne5 Kg7 20. Qc6 Qe7 21. Rfc1 Rhc8 22. Qxc8 Rxc8 23. Rxc8 Qb4 24. Nf3 Qxb2 0-1


[Site "https://www.chess.com"]

[Event "Titled Tuesday Blitz December 06 Late 2022"]
[White "Ozen, Batuhan"]
[Black "Phillips, Rene"]
[WhiteFideId "6345123"]
[BlackFideId "2056275"]
[WhiteElo "2375"]
[BlackElo "2135"]
[Result "1-0"]
[Round "06"]
[TimeControl "180+1"]
[Date "2022.12.07"]
[WhiteClock "0:01:06"]
[BlackClock "0:00:01"]

1. d4 Nc6 2. f4 d5 3. Nf3 f6 4. c4 Bg4 5. cxd5 Qxd5 6. Nc3 Qh5 7. d5 O-O-O 8. Qa4 Bxf3 9. exf3 Nb8 10. Be3 Nh6 11. O-O-O e6 12. Nb5 Rxd5 13. Nxa7+ Kd8 14. Bc4 Rxd1+ 15. Rxd1+ Bd6 16. Nb5 Qe8 17. Qa8 Ke7 18. Qxb7 Nd7 19. Nxc7 Qb8 20. Qxb8 Rxb8 21. Nb5 Bb4 22. Kb1 Nb6 23. Be2 Nd5 24. Ba7 Rb7 25. Bf2 Nxf4 26. Bf1 Ne2 27. Bxe2 Rd7 28. Rxd7+ Kxd7 29. a4 Nf5 30. Nd4 Nxd4 31. Bxd4 e5 32. Bc3 Bc5 33. a5 Ba7 34. a6 Ke6 35. Kc2 f5 36. Bd3 g6 37. Bc4+ Kd6 38. Bg8 1-0


[Site "https://www.chess.com"]

[Event "Titled Tuesday Blitz December 06 Late 2022"]
[White "Pakleza, Zbigniew"]
[Black "Womacka, Mathias"]
[WhiteFideId "1119290"]
[BlackFideId "4611390"]
[WhiteElo "2410"]
[BlackElo "2377"]
[Result "1-0"]
[Round "06"]
[TimeControl "180+1"]
[Date "2022.12.06"]
[WhiteClock "0:00:10"]
[BlackClock "0:00:12"]

1. d4 Nf6 2. Nf3 e6 3. Bf4 c5 4. c3 d5 5. e3 Bd6 6. Bg3 O-O 7. Nbd2 Qc7 8. Be2 Nbd7 9. c4 cxd4 10. Nxd4 Bxg3 11. hxg3 dxc4 12. Nxc4 Ne5 13. Nb5 Qc5 14. Nxe5 Qxe5 15. Qd4 Qxd4 16. Nxd4 Bd7 17. Bf3 Rac8 18. Rd1 e5 19. Nb3 Be6 20. Bxb7 Bxb3 21. axb3 Rb8 22. Ba6 Rxb3 23. O-O Rxb2 24. Ra1 Rfb8 25. Ra5 e4 26. Bc4 Rb1 27. Rxa7 Rxf1+ 28. Kxf1 Rb1+ 29. Ke2 Rb2+ 30. Ke1 Rb1+ 31. Kd2 Ng4 32. Ra8+ 1-0


[Site "https://www.chess.com"]

[Event "Titled Tuesday Blitz December 06 Late 2022"]
[White "Paravyan, David"]
[Black "Quizon, Daniel"]
[WhiteFideId "4194985"]
[BlackFideId "5217911"]
[WhiteElo "2551"]
[BlackElo "2385"]
[Result "1-0"]
[Round "06"]
[TimeControl "180+1"]
[Date "2022.12.06"]
[WhiteClock "0:01:16"]
[BlackClock "0:00:13"]

1. e4 c5 2. Nf3 d6 3. d4 cxd4 4. Nxd4 Nf6 5. Nc3 a6 6. Bg5 e6 7. f4 Nbd7 8. Qf3 h6 9. Bh4 Qc7 10. Be2 b5 11. e5 Bb7 12. Nxe6 Qb6 13. Qh3 dxe5 14. Nxf8 Kxf8 15. O-O-O g5 16. Bxg5 exf4 17. Bxf4 Qe6 18. Bd6+ Ke8 19. Qh4 Ne4 20. Bg4 f5 21. Bh5+ 1-0


[Site "https://www.chess.com"]

[Event "Titled Tuesday Blitz December 06 Late 2022"]
[White "Pein, Jonathan"]
[Black "Adla, Diego"]
[WhiteFideId "417092"]
[BlackFideId "100072"]
[WhiteElo "2225"]
[BlackElo "2377"]
[Result "0-1"]
[Round "06"]
[TimeControl "180+1"]
[Date "2022.12.07"]
[WhiteClock "0:00:09"]
[BlackClock "0:00:17"]

1. e4 e5 2. Nf3 Nc6 3. Nc3 Nf6 4. g3 d5 5. exd5 Nd4 6. Bg2 Bg4 7. h3 Bxf3 8. Bxf3 Nxf3+ 9. Qxf3 Qd7 10. d3 Bb4 11. Bd2 O-O-O 12. O-O-O Nxd5 13. Nxd5 Bxd2+ 14. Kxd2 Qxd5 15. Qxd5 Rxd5 16. Rde1 f6 17. Re4 Rhd8 18. Rhe1 g5 19. h4 h6 20. hxg5 hxg5 21. Rh1 R8d6 22. Rh8+ Rd8 23. Rh7 R5d7 24. Rh6 Rf7 25. g4 Kd7 26. Ke3 Ke6 27. c3 c5 28. Kd2 Rd6 29. Kc2 b5 30. a4 a6 31. Rh8 Rfd7 32. Re3 Rd8 33. Rh6 c4 34. d4 Rd5 35. Rf3 Rf8 36. axb5 axb5 37. Re3 b4 38. dxe5 b3+ 39. Kc1 Rxe5 40. Kd2 Rd8+ 41. Ke2 Rxe3+ 42. fxe3 Ra8 43. Rh2 Ra1 44. Rf2 Rc1 45. e4 Ke5 46. Ke3 Re1+ 47. Kf3 Rxe4 48. Rd2 Re1 49. Rd4 Rb1 50. Rxc4 Rxb2 51. Ke3 Rg2 52. Kf3 Rc2 53. Ke3 b2 54. Rc5+ Ke6 55. Rb5 Rxc3+ 56. Kd2 Rg3 57. Rxb2 Rg2+ 58. Kc3 Rxb2 59. Kxb2 Ke5 60. Kc3 Kf4 61. Kd3 Kxg4 0-1


[Site "https://www.chess.com"]

[Event "Titled Tuesday Blitz December 06 Late 2022"]
[White "Pham, Le Thao Nguyen"]
[Black "Baches Garcia, Guillermo"]
[WhiteFideId "12401226"]
[BlackFideId "2209764"]
[WhiteElo "2282"]
[BlackElo "2451"]
[Result "0-1"]
[Round "06"]
[TimeControl "180+1"]
[Date "2022.12.07"]
[WhiteClock "0:00:12"]
[BlackClock "0:00:12"]

1. Nf3 d5 2. d4 Nf6 3. Bg5 e6 4. e3 Be7 5. Be2 h6 6. Bh4 Ne4 7. Bxe7 Qxe7 8. O-O O-O 9. Ne5 Nd7 10. Nd3 c5 11. c3 b6 12. Na3 Bb7 13. Rc1 f5 14. f4 c4 15. Nf2 Ndf6 16. Bf3 Nd6 17. h3 b5 18. Kh1 a5 19. Nc2 b4 20. cxb4 axb4 21. Nxb4 Nde4 22. Bxe4 Qxb4 23. Bb1 Qxb2 24. Rc2 Qa3 25. Qc1 Bc6 26. Qe1 Rab8 27. Rc3 Qa5 28. Qc1 Rb4 29. Ra3 Qb6 30. Bc2 Rb8 31. Nd1 Ra8 32. Rxa8+ Bxa8 33. Qa3 Bc6 34. Qc3 Qb8 35. Qa3 Rb6 36. Qc5 Be8 37. a4 Qd6 38. Qc8 Kf7 39. a5 Rb8 40. Qc5 Qxc5 41. dxc5 Ra8 42. Nc3 Rxa5 43. Rb1 Rxc5 44. Rb7+ Bd7 45. Na4 Rc8 46. Nb6 Rd8 47. Ba4 Ke7 48. Bc2 Kd6 49. Na4 Bxa4 50. Bxa4 g5 51. fxg5 hxg5 52. Rb6+ Ke5 53. g3 Ne4 54. h4 Ra8 55. Bd7 Nc5 56. Bc6 Ra1+ 57. Kg2 gxh4 58. gxh4 Ne4 59. h5 Nf6 60. Bb5 Ra7 61. h6 Rh7 62. Rb8 Rxh6 63. Rf8 Rg6+ 64. Kf2 Ne4+ 65. Ke2 Nd6 66. Kf3 Rf6 67. Rxf6 Kxf6 68. Bc6 Ke5 69. Kg3 c3 70. Kf3 Ne4 71. Ba4 d4 72. exd4+ Kxd4 73. Bc2 e5 74. Ke2 Nd6 75. Kf3 f4 76. Ke2 e4 77. Kf2 Nf5 78. Ke2 Ne7 79. Kf2 Nd5 80. Ke2 Nb4 81. Bb1 c2 82. Bxc2 Nxc2 83. Kf2 Nb4 84. Ke2 Nc6 85. Kf2 Nd8 86. Ke2 Nf7 87. Kf2 Ne5 88. Ke2 f3+ 89. Kf2 Nd3+ 90. Kf1 Ke3 91. Kg1 Ke2 92. Kh2 e3 93. Kg3 Nc5 94. Kf4 Na6 95. Kg3 Nc7 96. Kf4 f2 97. Kg3 f1=Q 98. Kg4 Qf2 99. Kh3 Kf1 100. Kg4 e2 101. Kh3 Qg2+ 102. Kh4 e1=Q+ 103. Kh5 Qe5+ 104. Kh6 Qc6+ 105. Kh7 Qh5+ 106. Kg8 Qcg6+ 107. Kf8 Qe8+ 108. Kg7 Qhg6# 0-1


[Site "https://www.chess.com"]

[Event "Titled Tuesday Blitz December 06 Late 2022"]
[White "Poliakova, Varvara"]
[Black "Javakhadze, Zurab"]
[WhiteFideId "13518313"]
[BlackFideId "13603647"]
[WhiteElo "2570"]
[BlackElo "2701"]
[Result "1-0"]
[Round "06"]
[TimeControl "180+1"]
[Date "2022.12.07"]
[WhiteClock "0:00:38"]
[BlackClock "0:00:02"]

1. e4 e5 2. d4 exd4 3. c3 d5 4. exd5 Nf6 5. Nf3 Nxd5 6. Qxd4 Nc6 7. Qe4+ Be7 8. Bc4 Be6 9. O-O O-O 10. Rd1 Nf6 11. Rxd8 Raxd8 12. Qc2 Bxc4 13. Bf4 Bd3 14. Qc1 Nd5 15. Bg3 Rfe8 16. Nbd2 a5 17. Nb3 a4 18. Nbd4 Nxd4 19. Nxd4 c5 20. Nf3 a3 21. Be5 f6 22. Bg3 c4 23. b4 cxb3 24. axb3 b5 25. b4 Rc8 26. Qxa3 Rxc3 27. Qa7 Bc4 28. Re1 Rd8 29. h3 Bxb4 30. Rb1 Bf8 31. Nd4 b4 32. Ne6 Re8 33. Nxf8 Rxf8 34. Qd4 Rc8 35. Qg4 1-0


[Site "https://www.chess.com"]

[Event "Titled Tuesday Blitz December 06 Late 2022"]
[White "Popilski, Gil"]
[Black "Girsh, Daniel"]
[WhiteFideId "2809060"]
[BlackFideId "30949190"]
[WhiteElo "2651"]
[BlackElo "2447"]
[Result "1-0"]
[Round "06"]
[TimeControl "180+1"]
[Date "2022.12.07"]
[WhiteClock "0:00:56"]
[BlackClock "0:00:17"]

1. c3 d5 2. d4 Nf6 3. Bf4 c5 4. e3 Nc6 5. Nd2 Bf5 6. Qb3 Qc8 7. Ngf3 c4 8. Qd1 h6 9. Be2 e6 10. O-O Be7 11. Qc1 O-O 12. Bd1 b5 13. Bc2 b4 14. Bxf5 exf5 15. Ne5 bxc3 16. bxc3 Ne4 17. Nxe4 fxe4 18. Rb1 Nxe5 19. Bxe5 Qa6 20. Qc2 Rfc8 21. a4 Bd6 22. Rb5 Bxe5 23. dxe5 Qe6 24. Qd2 Rd8 25. Qd4 a6 26. Rb6 Qe8 27. a5 Qa4 28. h3 Qxa5 29. e6 fxe6 30. Rb7 e5 31. Qxe5 Qxc3 32. Qxc3 1-0


[Site "https://www.chess.com"]